 Dungeon Crawl Stone Soup version 0.27.0-1-g7a089689b8 (webtiles) character file.

Game seed: 9932964406083067946

274 robertstho the Skirmisher (level 6, 0/91 HPs)
             Began as a Troll Fighter on Aug 6, 2021.
             Slain by an orc wizard (3 damage)
             ... on level 4 of the Dungeon.
             The game lasted 00:03:15 (2501 turns).

robertstho the Skirmisher (Troll Fighter)           Turns: 2501, Time: 00:03:16

Health: 0/91       AC: 23    Str: 26    XL:     6   Next: 3%
Magic:  5/5        EV:  1    Int:  5    God:
Gold:   155        SH: 11    Dex:  9    Spells: 5/5 levels left

rFire    . . .     SeeInvis .   a - +0 long sword
rCold    . . .     Faith    .   g - +2 kite shield {rPois}
rNeg     + + +     Spirit   .   (armour currently unavailable)
rPois    +         Reflect  .   (helmet currently unavailable)
rElec    .         Harm     .   (cloak currently unavailable)
rCorr    .         Rampage  .   (gloves unavailable)
Will     .....     NoTele   +   (boots unavailable)
Stlth    +.........             (no amulet)
HPRegen  1.25/turn              (no ring)
MPRegen  0.09/turn              (no ring)

@: tree-form
A: stationary, stasis, torment immunity, boosted hp, large, unfitting armour,
(claws 3), regeneration 1, (shaggy fur 1), (tough skin 1)
a: no special abilities


You were on level 4 of the Dungeon.
You were a tree.
You visited 2 branches of the dungeon, and saw 5 of its levels.

You collected 155 gold pieces.

Inventory:

Hand Weapons
 a - a +0 long sword (weapon)
Armour
 b - a +0 robe (melded)
 g - a +2 kite shield of poison resistance (worn)
Wands
 m - a wand of flame (22)
 p - a wand of iceblast (7)
Scrolls
 c - a scroll of teleportation {unknown}
 i - 2 scrolls of fear {unknown}
 j - a scroll of noise {unknown}
 k - a scroll of vulnerability {unknown}
 l - a scroll of summoning
 o - a scroll of identify
Potions
 d - a potion of might
 f - a potion of curing {unknown}
 h - a potion of heal wounds {unknown}
 n - a potion of magic


   Skills:
 * Level 3.3 Fighting
 + Level 2.7 Long Blades
 * Level 1.8 Armour
 + Level 3.2 Dodging
 + Level 3.2 Shields


You had 5 spell levels left.
You didn't know any spells.
Your spell library contained the following spells:

 Spells                   Type           Power      Damage    Failure   Level
 Animate Skeleton         Necr           0%         N/A       88%         1
 Apportation              Tloc           0%         N/A       88%         1
 Corona                   Hex            0%         N/A       88%         1
 Summon Small Mammal      Summ           0%         N/A       88%         1
 Sublimation of Blood     Necr           0%         N/A       95%         2
 Wereblood                Tmut           0%         N/A       95%         2
 Summon Lightning Spire   Summ/Air       0%         N/A       100%        4
 Storm Form               Tmut/Air       0%         N/A       100%        7
 Summon Hydra             Summ           0%         N/A       100%        7
 Maxwell's Capacitive Co  Air            0%         ∞         100%        8


Dungeon Overview and Level Annotations

Branches:
Dungeon (4/15)             Temple (1/1) D:4

Altars:
Ashenzari
Cheibriados
Dithmenos
Gozag
Hepliaklqana
Nemelex Xobeh
Ru
Uskayaw
Vehumet
Xom
Yredelemnul
Zin
The Shining One

Shops:
D:4 =


Innate Abilities, Weirdness & Mutations

You are a tree.
Your roots penetrate the ground, keeping you stationary.
You cannot be teleported.
You are immune to unholy pain and torment.
Your maximum health is greatly increased.
Your equipment is partially melded.
You are too large for most types of armour.
((You have claws for hands.))
Your natural rate of healing is unusually fast.
((You are covered in fur. (AC +1)))
((You have tough skin. (AC +1)))


Message History

Things that are here:
a +0 trident; a ring of protection from fire; a scroll labelled BYABRA JAOXTO You closely miss the orc.
You block the orc's attack. Something hits you!
You closely miss the orc. The orc hits you with a +0 hand axe.
You block something's attack. The orc barely misses you.
You barely miss the orc. Something hits you!
The orc hits you with a +0 hand axe. Something hits you.
You are too injured to fight recklessly!
You are too injured to fight recklessly!
You are too injured to fight recklessly!
You are too injured to fight recklessly!
You are too injured to fight recklessly!
You are too injured to fight recklessly!
You are too injured to fight recklessly!
You are too injured to fight recklessly!
You are too injured to fight recklessly!
You are too injured to fight recklessly!
You are too injured to fight recklessly!
You are too injured to fight recklessly!
You are too injured to fight recklessly!
You are too injured to fight recklessly!
You are too injured to fight recklessly!
You are too injured to fight recklessly!
You are too injured to fight recklessly!
You are too injured to fight recklessly!
You are too injured to fight recklessly!
You are too injured to fight recklessly!
You are too injured to fight recklessly!
Unknown command.
You miss something. You block the orc's attack. Something hits you!
* * * LOW HITPOINT WARNING * * *
The orc hits you with a +0 hand axe.
* * * LOW HITPOINT WARNING * * *
It was a potion of magic.
Magic courses through your body. Something hits you.
* * * LOW HITPOINT WARNING * * *
You block the orc's attack.
It was a potion of lignification.
You turn into a tree.
Your +0 robe melds into your body.
Your roots penetrate the ground.
Something hits you.
You die...

##.#.##
##.#.## ...
#.#.##
##.#.###.###
#.#.##
##.#.##...
##.#.##
##.#.#.###
##.#.## #
##.#.....
##.#.## #.##
##...# ##
##.#.## {#.#
##..# .##
##.#{##oo#
##.# ..#
##.#♣#)#
##..# ..#
##.#o#
##..## ..#
##### ##.#.#
##..## ..#
#...# ## ##
##..##
..###.#.##
##..##
..##.....#
##..##
...).#.#.##
##..##
...###.#..#
##..##
.###...##.##
##..##


You could see an orc.

Vanquished Creatures
  A phantom (D:4)
  Jessica (D:2)
  An iguana (D:4)
  3 adders
  A gnoll (D:3)
  A shadow imp (D:4)
  2 dart slugs (D:2)
  10 orcs
  7 bats
  4 endoplasms
  3 giant cockroaches
  4 goblins
  6 hobgoblins
  16 jackals
  2 quokkas
  8 ball pythons
  4 frilled lizards
  8 kobolds
  7 rats
89 creatures vanquished.

Vanquished Creatures (others)
  4 plants (D:3)
4 creatures vanquished.

Grand Total: 93 creatures vanquished

Notes
Turn   | Place    | Note
-------+----------+-------------------------------------------
     0 | D:1      | robertstho the Troll Fighter began the quest for the Orb.
     0 | D:1      | Reached XP level 1. HP: 22/22 MP: 0/0
    65 | D:1      | Reached XP level 2. HP: 29/29 MP: 1/1
   508 | D:1      | Reached XP level 3. HP: 36/36 MP: 2/2
   704 | D:1      | Found a broken altar of Ashenzari.
   713 | D:2      | Found a faded altar of an unknown god.
   886 | D:2      | Noticed Jessica
   897 | D:2      | Killed Jessica
   898 | D:2      | Reached skill level 1 in Armour
   898 | D:2      | Reached XP level 4. HP: 34/45 MP: 3/3
  1868 | D:3      | Reached XP level 5. HP: 33/53 MP: 4/4
  2106 | D:4      | Found Govugues's Jewellery Boutique.
  2135 | D:4      | Found a staircase to the Ecumenical Temple.
  2158 | Temple   | Entered the Ecumenical Temple
  2438 | D:4      | Noticed a phantom
  2460 | D:4      | Killed a phantom
  2486 | D:4      | Reached XP level 6. HP: 58/61 MP: 5/5
  2500 | D:4      | HP: 1/61 [something (6)]
  2501 | D:4      | Slain by an orc wizard

Illustrated notes

Levels and vault maps discovered:
D:1:      dpeg_arrival_water_altar, layout_basic, serial_corexii_hall,
          corexii_hall_statues_x, chequers_hall_statues_wall_a
D:2:      layout_loops_cross, basic_ecumenical_altar, minmay_pentomino_pile,
          uniq_jessica
D:3:      cheibrodos_old_hovel, layout_basic
D:4:      minmay_inner_zag, layout_basic, minmay_temple_entry_slanted,
          serial_shops, shop_fountains, nicolae_shop_trees, shop_statue,
          kennysheep_little_box
Temple:   nicolae_temple_figure_eight

Skill      XL: |  1  2  3  4  5 |
---------------+----------------+-----
Long Blades    | 2 |  2.7
Fighting       | 3 |  3.3
Armour         | 1 |  1.8
Dodging        | 3 |  3.2
Shields        | 3 |  3.2

Action                   |  1- 3 |  4- 6 || total
-------------------------+-------+-------++-------
Melee: Long sword        |   123 |   214 ||   337
  Use: Scroll            |       |     1 ||     1
       Potion            |       |     2 ||     2
 Stab: Sleeping          |       |     1 ||     1
Armor: Robe              |    57 |    92 ||   149
Dodge: Dodged            |    56 |   118 ||   174
Block: Kite shield       |    88 |   175 ||   263
       Rpst.: Long sword |    15 |    33 ||    48
